 Dungeon Crawl Stone Soup version 0.30-a0-782-ge64f917 (webtiles) character file.

Game seed: 16434800709305043907

65 Meow the Sneak (level 4, 36/36 HPs)
             Began as a Naga Conjurer on Feb 18, 2023.
             Quit the game on level 2 of the Dungeon.
             The game lasted 00:04:22 (1610 turns).

Meow the Sneak (Naga Conjurer)                      Turns: 1610, Time: 00:04:22

Health: 36/36      AC:  2    Str: 10    XL:     4   Next: 14%
Magic:  4/7        EV:  9    Int: 20    God:
Gold:   101        SH:  0    Dex:  9    Spells: 4/7 levels left

rFire   . . .      SeeInvis +    a - +1 hand axe
rCold   . . .      Faith    .    (no shield)
rNeg    . . .      Spirit   .    d - +0 robe
rPois   +          Reflect  .    (no helmet)
rElec   .          Harm     .    (no cloak)
rCorr   .          Rampage  .    (no gloves)
Will    .....                    (no barding)
Stlth   +++                      (no amulet)
HPRegen 0.26/turn                (no ring)
MPRegen 0.10/turn                (no ring)

@: short of breath, very slow
A: AC +1, large, see invisible, deformed body, poison resistance, slowness 2,
spit poison 1, naga tail 1
a: Spit Poison


You were on level 2 of the Dungeon.
You visited 1 branch of the dungeon, and saw 2 of its levels.

You collected 101 gold pieces.

Inventory:

Hand Weapons
 a - a +1 hand axe (weapon)
Missiles
 g - 3 boomerangs
 p - 12 stones
Armour
 d - a +0 robe (worn)
Scrolls
 c - 2 scrolls of identify {unknown}
 f - a scroll of blinking {unknown}
 h - a scroll of magic mapping
 i - a scroll of enchant weapon
 j - a scroll of fear {unknown}
 k - a scroll of butterflies {unknown}
 m - a scroll of acquirement {unknown}
 n - a scroll of enchant armour {unknown}
 o - a scroll of immolation {unknown}
 q - a scroll of teleportation {unknown}
Potions
 b - a potion of magic
 e - 2 potions of brilliance {unknown}
 l - a potion of ambrosia {unknown}


   Skills:
 - Level 1.5 Dodging
 - Level 6.0 Stealth
 + Level 2.3 Spellcasting
 + Level 4.2 Conjurations


You had 4 spell levels left.
You knew the following spells:

 Your Spells              Type           Power      Damage    Failure   Level
a - Magic Dart            Conj           76%        1d6       2%          1
b - Searing Ray           Conj           38%        2d5       4%          2

Your spell library contained the following spells:

 Spells                   Type           Power      Damage    Failure   Level
 Dazzling Flash           Conj/Hex       20%        N/A       19%         3
 Gell's Gravitas          Tloc           2%         N/A       43%         3
 Teleport Other           Tloc           2%         N/A       43%         3
 Fulminant Prism          Conj/Hex       5%         3d7       54%         4
 Iskenderun's Mystic Bla  Conj/Tloc      10%        2d4       54%         4
 Dispersal                Tloc           1%         N/A       100%        6


Dungeon Overview and Level Annotations

Branches:
Dungeon (2/15)

Altars:


Innate Abilities, Weirdness & Mutations

Your serpentine skin is tough. (AC +1)
You have supernaturally acute eyesight. (SInv)
Armour fits poorly on your strangely shaped body.
Your system is resistant to poisons. (rPois)
You cover ground very slowly.
You can spit poison.
You have a snake-like lower body.


Message History

Aim: a goblin, wielding a +0 club (moderately wounded, 100% to hit)
The magic dart hits the goblin.
The goblin is heavily wounded.
You can't do that yet.
Unknown command.
Unknown command.
Casting: Magic Dart (safe; 2% risk of failure)
Confirm with . or Enter, or press ? or * to list all spells.
Aiming: Magic Dart (safe; 2% risk of failure)
Press: ? - help, Shift-Dir - straight line, f/p - goblin
Aim: a goblin, wielding a +0 club (heavily wounded, 100% to hit)
The magic dart hits the goblin.
You kill the goblin!
Unknown command.
You start resting.
You have got your breath back.
You start resting.
Magic restored.
Things that are here:
a +0 club; a goblin corpse An adder comes into view.
Found a stone staircase leading down.
Aiming: Spit Poison (2% risk of failure)
Press: ? - help, Shift-Dir - straight line, f - adder
Aim: an adder (asleep, 100% to hit)
The splash of poison hits the adder.
The adder is poisoned.
The adder is heavily wounded.
The adder hisses angrily.
Casting: Magic Dart (safe; 2% risk of failure)
Confirm with . or Enter, or press ? or * to list all spells.
Aiming: Searing Ray (safe; 4% risk of failure)
Press: ? - help, Shift-Dir - straight line, f/p - adder
Aim: an adder (heavily wounded, poisoned, 63% to hit)
The searing ray hits the adder.
The adder is almost dead. (Press . to maintain the ray.)
You kill the adder!
You have reached level 4!
You feel stronger.
Are you sure you want to abandon this character and quit the game? (Confirm with "yes".)

#.#######.#
#.#......>.
#.#@# #.#.#
#.#.# #.#.#
#.#.# #...#
.. # ###.# #
.#. ### #
#.# #. .. .
..# #
#.####.##.#.
#.# #


There were no monsters in sight!

Vanquished Creatures
  2 adders (D:2)
  3 ball pythons
  8 endoplasms
  2 giant cockroaches (D:1)
  7 goblins
  2 hobgoblins (D:1)
  2 quokkas
  7 bats
  3 frilled lizards
  A kobold (D:2)
  7 rats
44 creatures vanquished.

Notes
Turn   | Place    | Note
-------+----------+-------------------------------------------
     0 | D:1      | Meow the Naga Conjurer began the quest for the Orb.
     0 | D:1      | Reached XP level 1. HP: 15/15 MP: 3/3
    74 | D:1      | Reached skill level 4 in Stealth
   142 | D:1      | Reached XP level 2. HP: 21/22 MP: 0/5
   145 | D:1      | Learned a level 2 spell: Searing Ray
   643 | D:1      | Reached skill level 5 in Stealth
   760 | D:1      | Reached XP level 3. HP: 28/28 MP: 6/6
  1100 | D:2      | Reached skill level 6 in Stealth
  1610 | D:2      | Reached XP level 4. HP: 36/36 MP: 4/7
  1610 | D:2      | Quit the game

Illustrated notes

Levels and vault maps discovered:
D:1:      dpeg_arrival_ratfight, layout_loops_ring
D:2:      layout_loops_ring, basic_altar, minmay_tripent

Skill      XL: |  1  2  3 |
---------------+----------+-----
Stealth        | 4 5 6 |  6.0
Dodging        | |  1.5
Spellcasting   | |  2.3
Conjurations   | |  4.2

Action                     |  1- 3 |  4- 6 || total
---------------------------+-------+-------++-------
   Cast: Magic Dart        |    48 |       ||    48
         Searing Ray       |     4 |       ||     4
Ability: Spit Poison       |    31 |       ||    31
    Use: Scroll            |     2 |       ||     2
 Armour: Robe              |     7 |       ||     7
  Dodge: Dodged            |     8 |       ||     8

Table legend: (Time is in decaauts)
 A = Elapsed time spent in this place.
 B = Non-inter-level travel time spent in this place.
 C = Inter-level travel time spent in this place.
 D = Time resting spent in this place.
 E = Time spent auto-exploring this place.
 F = Levels seen in this place.
 G = Mean time per level.
                   A        B        C        D        E       F      G
               +--------+--------+--------+--------+--------+-----+--------+
         Total |   1988 |   1960 |     28 |    522 |   1174 |   2 |  994.0 |
       Dungeon |   1988 |   1960 |     28 |    522 |   1174 |   2 |  994.0 |
               +--------+--------+--------+--------+--------+-----+--------+

Top non-repeatable levels by time:
     D:1: 1376 daAuts
     D:2: 611 daAuts
